[Event "*** Titled Tuesday Blitz"]
[Site "Chess.com"]
[Date "2020.05.19"]
[Round "6"]
[White "Borsuk_Konstantin"]
[Black "louis198"]
[Result "1-0"]
[WhiteElo "2634"]
[BlackElo "2492"]
[TimeControl "180+1"]
[EndTime "13:09:33 PDT"]
[Termination "Borsuk_Konstantin won by resignation"]

1. d4 Nf6 2. c4 c5 3. d5 b5 4. cxb5 a6 5. b6 d6 6. Nc3 Nbd7 7. Nf3 g6 8. Nd2 Bg7 9. e4 O-O 10. a4 Qxb6 11. Nc4 Qc7 12. a5 Rb8 13. Be2 Ne8 14.
O-O e6 15. Bg5 Ne5 16. Nb6 Bb7 17. f4 Nd7 18. Be7 Nxb6 19. Bxf8 Bxf8 20. axb6 Qxb6 21.
Qd2 Bg7 22. dxe6 fxe6 23. f5 gxf5 24. exf5 d5 25. Bf3 d4 26. Na4 Qd6 27. fxe6 Qxe6 28.
Nxc5 Qb6 29. Nxb7 Rxb7 30. Bxb7 Qxb7 31. Qd3 Nc7 32. Qc4+ Kh8 33. Rac1 Be5 34. Rf8+ Kg7 35. Rg8+ Kh6 36. Qf7 Qe4 37. Rf1 Nd5 38. Qf8+ Kh5 39. Qe8+ Kh6 40. Qe6+ Kh5 41. Qh3+ Qh4 42. Rf5+ 1-0

[Event "*** Titled Tuesday Blitz"]
[Site "Chess.com"]
[Date "2020.05.19"]
[Round "6"]
[White "boasovietica"]
[Black "TregubovP"]
[Result "0-1"]
[WhiteElo "2388"]
[BlackElo "2561"]
[TimeControl "180+1"]
[EndTime "13:09:33 PDT"]
[Termination "TregubovP won by resignation"]

1. e4 e6 2. b3 d5 3. Bb2 dxe4 4.
Nc3 Nf6 5. g4 Be7 6. Bg2 O-O 7.
Nxe4 Nxe4 8. Bxe4 Bf6 9. d4 c5 10. Qd3 g6 11. O-O-O cxd4 12. Nf3 Nc6 13. h4 Nb4 14. Qc4 Nxa2+ 15. Kb1 Qa5 16. Nxd4 e5 17.
Nf3 Be6 18. Qa4 Nc3+ 19. Bxc3 Qxc3 20. Rd3 Qc5 21. g5 Bg7 22. h5 Rfd8 23. hxg6 hxg6 24.
Rhd1 Rxd3 25. Rxd3 Rc8 26. Rd2 b5 27. Qa6 Bf5 28. Bxf5 gxf5 29. Qd6 e4 30. Qxc5 Rxc5 31. Nd4 Kh7 32. Ne2 Kg6 33. Rd6+ Kxg5 34. Rd7 a5 35. Rxf7 Be5 36. Rd7 f4 37. Kc1 f3 38. Nd4 Bxd4 39. Rxd4 Kf4 40. Kd2 Ke5 41. Rd8 Rd5+ 42. Rxd5+ Kxd5 43. c3 a4 44. c4+ Kc5 45. cxb5 a3 46. b4+ Kxb5 0-1

[Event "*** Titled Tuesday Blitz"]
[Site "Chess.com"]
[Date "2020.05.19"]
[Round "6"]
[White "turayev_shahruh17"]
[Black "wanyaland"]
[Result "0-1"]
[WhiteElo "2505"]
[BlackElo "2355"]
[TimeControl "180+1"]
[EndTime "13:09:34 PDT"]
[Termination "wanyaland won by resignation"]

1. e4 c5 2. Nc3 d6 3. Bc4 Nf6 4. d3 e6 5. f4 a6 6. Nf3 Nc6 7. O-O Be7 8. Qe1 d5 9. Bb3 b5 10. a3 c4 11. Ba2 dxe4 12. dxe4 Bb7 13. Be3 Ng4 14. Rd1 Qc7 15. Kh1 Nxe3 16. Qxe3 O-O 17. Ne2 Rad8 18. c3 Rxd1 19. Rxd1 Rd8 20. Rxd8+ Qxd8 21. Ned4 e5 22. fxe5 Bc5 23. h3 Qe8 24.
Qg5 h6 25. Qg3 Ne7 26. Bb1 Ng6 27. Nf5 Qd7 28. N3d4 Kh7 29. Kh2 Bf8 30. Nd6 Ba8 31.
N4f5 Qe6 32. Bc2 Nxe5 33. Bd1 g6 34. Bg4 Nxg4+ 35. hxg4 gxf5 36. Nxf5 Bxe4 37. Nd4 Bd6 38. Nxe6 Bxg3+ 39. Kxg3 fxe6 40. Kf4 Bd5 41. Ke5 Kg6 42.
Kf4 Kf6 43. g3 e5+ 44. Ke3 Kg5 0-1

[Event "*** Titled Tuesday Blitz"]
[Site "Chess.com"]
[Date "2020.05.19"]
[Round "6"]
[White "Novoselski"]
[Black "JozefKneht"]
[Result "0-1"]
[WhiteElo "2319"]
[BlackElo "2505"]
[TimeControl "180+1"]
[EndTime "13:09:34 PDT"]
[Termination "JozefKneht won on time"]

1. d4 d5 2. c4 e6 3. Nc3 Nf6 4. Bg5 Be7 5. e3 h6 6. Bh4 O-O 7. Nf3 b6 8. cxd5 Nxd5 9. Bxe7 Qxe7 10. Bd3 Bb7 11. O-O Nd7 12. Rc1 c5 13. Bb1 Rfd8 14. Qe2 Rac8 15. Rfd1 cxd4 16. Nxd4 Nxc3 17. bxc3 Nc5 18.
Qg4 Rd5 19. Nf3 Rcd8 20. Rxd5 Rxd5 21. c4 Rd8 22. Nd4 Qf6 23. h3 g6 24. Qg3 e5 25.
Nf3 Bxf3 26. gxf3 Rd2 27. h4 h5 28. Kg2 Kg7 29. a3 Nb3 30. Rc3 Nc5 31. Rc1 Qd6 32.
Qg5 Ne6 33. Qg3 Nc5 34. Be4 Nxe4 35. fxe4 Qf6 36. c5 Rd7 37. cxb6 axb6 38. Rb1 Re7 39. Rb5 Re6 40. a4 Qe7 41. Rd5 Qc7 42. Rb5 Qc3 43. Rd5 Qa1 44. Rb5 Qxa4 45. Rxe5 Qe8 46. Rxe6 Qxe6 47.
Qf4 Qf6 0-1

[Event "*** Titled Tuesday Blitz"]
[Site "Chess.com"]
[Date "2020.05.19"]
[Round "6"]
[White "Norival"]
[Black "vladislavkovalev"]
[Result "0-1"]
[WhiteElo "2675"]
[BlackElo "2905"]
[TimeControl "180+1"]
[EndTime "13:09:35 PDT"]
[Termination "vladislavkovalev won by resignation"]

1. d4 Nf6 2. Nf3 e6 3. Bg5 d5 4. e3 h6 5. Bh4 c5 6. c3 Nc6 7.
Nbd2 cxd4 8. exd4 Be7 9. Bd3 Nh5 10. Bxe7 Qxe7 11. g3 Nf6 12. Qe2 b6 13. Bb5 Bb7 14.
Ne5 Rc8 15. O-O O-O 16. Ndf3 Ne4 17. Rfe1 Nxe5 18. Nxe5 Nd6 19. Bd3 Qc7 20. a4 Rfe8 21. Qh5 Nc4 22. Bxc4 dxc4 23. f3 Rcd8 24. Re3 f6 25.
Ng6 Qf7 26. Nf4 Qxh5 27. Nxh5 Kf7 28. Kf2 e5 29. g4 g6 30. Ng3 exd4 31. Rxe8 Kxe8 32.
cxd4 Rxd4 33. Nf1 Rd3 34. Re1+ Kf7 35. Ne3 Bc6 36. Ke2 Rb3 37. Nxc4 Bd5 38. Ne3 Rxb2+ 39. Kd3 Bxf3 40. Rc1 Ke6 41. Rc7 a5 42. h4 Rb3+ 43. Kd2 Rb4 44. h5 gxh5 45. gxh5 Bxh5 46. Rc6+ Ke5 47.
Nc4+ Kd5 0-1

[Event "*** Titled Tuesday Blitz"]
[Site "Chess.com"]
[Date "2020.05.19"]
[Round "6"]
[White "Evgeny81"]
[Black "Vlad_Lukiianchuk"]
[Result "1-0"]
[WhiteElo "2715"]
[BlackElo "2514"]
[TimeControl "180+1"]
[EndTime "13:09:35 PDT"]
[Termination "Evgeny81 won by checkmate"]

1. e4 e5 2. Nf3 Nc6 3. Bb5 a6 4. Ba4 Nf6 5. O-O Be7 6. Re1 b5 7. Bb3 d6 8. c3 O-O 9. h3 Nb8 10. d4 Nbd7 11. Nbd2 Bb7 12. Bc2 Re8 13. Nf1 Bf8 14.
Ng3 g6 15. a4 c5 16. d5 c4 17.
Bg5 h6 18. Be3 Nc5 19. Bxc5 dxc5 20. Qd2 Nd7 21. Nh2 h5 22. Nf3 Kh7 23. Ng5+ Kg8 24. Re2 h4 25. Nf1 Qf6 26. Nf3 Nb6 27. N1h2 Bc8 28. axb5 axb5 29. Rxa8 Nxa8 30. Re1 Nb6 31.
Ra1 Bd7 32. Qc1 Be7 33. Ra7 Ra8 34. Rxa8+ Nxa8 35. Qa1 Nc7 36. Qa7 Qd6 37. Bd1 f5 38. Bc2 Kg7 39. Qb7 b4 40. Nd2 Bg5 41. Nxc4 Qa6 42.
Qxc7 Qxc4 43. Qxd7+ Kh6 44. Qe8 Bf6 45. exf5 b3 46.
Qxg6# 1-0

[Event "*** Titled Tuesday Blitz"]
[Site "Chess.com"]
[Date "2020.05.19"]
[Round "6"]
[White "heartofatiger"]
[Black "Harry_Rakkel"]
[Result "1-0"]
[WhiteElo "2466"]
[BlackElo "2565"]
[TimeControl "180+1"]
[EndTime "13:09:35 PDT"]
[Termination "heartofatiger won on time"]

1. e4 c5 2. Nf3 e6 3. d4 cxd4 4. Nxd4 Nc6 5. Nc3 Qc7 6. Be2 a6 7. O-O Nf6 8. Kh1 Nxd4 9. Qxd4 Bc5 10. Qd3 b5 11. Bg5 Bb7 12. Bxf6 gxf6 13. f4 h5 14. Rad1 h4 15. Bf3 h3 16. g3 Ke7 17. Ne2 Rad8 18.
c3 d5 19. Nd4 Bxd4 20. cxd4 dxe4 21. Bxe4 f5 22. Bf3 Bxf3+ 23. Qxf3 Rd5 24. Rfe1 Qd7 25. Qa3+ Kf6 26. Qxa6 Rxd4 27. Rxd4 Qxd4 28. Qxb5 Qd2 29. Qe2 Qd5+ 30. Kg1 Kg6 31. b3 Rc8 32. Rd1 Qa8 33.
g4 Rg8 34. Rd3 fxg4 35. Rg3 Kh7 36. Qe5 Qa7+ 37. Kf1 Qa6+ 38. Ke1 f5 39. Qf6 Qa5+ 40.
Rc3 Rg6 41. Qf7+ Kh6 42. Qf8+ Rg7 43. Qf6+ Kh7 44. Qh4+ Kg8 45. Qf6 1-0

[Event "*** Titled Tuesday Blitz"]
[Site "Chess.com"]
[Date "2020.05.19"]
[Round "6"]
[White "ASVZ"]
[Black "Pittiplatsh"]
[Result "0-1"]
[WhiteElo "2375"]
[BlackElo "2551"]
[TimeControl "180+1"]
[EndTime "13:09:35 PDT"]
[Termination "Pittiplatsh won by resignation"]

1. e4 c5 2. c3 Nf6 3. e5 Nd5 4. d4 cxd4 5. Qxd4 e6 6. Nf3 Nc6 7. Qe4 f5 8. Qe2 Qc7 9. g3 b5 10. Bg2 a5 11. Nh4 Qxe5 12. Qxe5 Nxe5 13. Bxd5 exd5 14. Nxf5 b4 15. O-O Kf7 16. Nd4 Ba6 17. Rd1 Bc5 18. Bf4 Nd3 19. Rd2 Nxf4 20. gxf4 Rhe8 21. Rd1 Re4 22. Nd2 Rxf4 23. N2f3 Re8 24. h3 h6 25. Re1 Rfe4 26. Kg2 Rxe1 27. Rxe1 Rxe1 28. Nxe1 bxc3 29. bxc3 Bc4 30. a4 Bxd4 31. cxd4 Bb3 32. Kf3 Bxa4 33. Ke3 Bb5 34. Nc2 d6 35. h4 Kg6 36. Kf4 Bd3 37. Na3 Kh5 38. Kg3 g5 39. hxg5 Kxg5 40. f4+ Kf5 41. Kf3 h5 42. Ke3 Bc4 43. Nb1 h4 44. Kf3 a4 45. Na3 Bd3 46. Ke3 h3 47. Kxd3 h2 48.
Nc2 h1=Q 49. Ne3+ Kxf4 0-1

[Event "*** Titled Tuesday Blitz"]
[Site "Chess.com"]
[Date "2020.05.19"]
[Round "6"]
[White "Kostya26"]
[Black "ramses135"]
[Result "0-1"]
[WhiteElo "2355"]
[BlackElo "2504"]
[TimeControl "180+1"]
[EndTime "13:09:35 PDT"]
[Termination "ramses135 won by checkmate"]

1. d4 g6 2. Nf3 Bg7 3. Bf4 d6 4. e3 Nd7 5. h3 e5 6. dxe5 dxe5 7. Bh2 Ne7 8. Nbd2 O-O 9. c3 a6 10. Qc2 b5 11. Be2 Bb7 12. O-O f6 13. Rad1 Qe8 14. c4 b4 15. c5 Bd5 16. Bc4 c6 17.
Bxd5+ Nxd5 18. Qc4 Qf7 19. Ne4 a5 20. Nd6 Qe6 21. Nd2 Rfd8 22. f4 Nxc5 23. Qxc5 Qxd6 24.
Qxd6 Rxd6 25. Nc4 Re6 26. e4 Nxf4 27. Bxf4 exf4 28. Rxf4 Rae8 29. Nxa5 Bh6 30. Rf3 Ra8 31. Nb7 Rxa2 32. Nc5 Re7 33. Rxf6 Be3+ 34. Kh1 Bxc5 35. Rxc6 Be3 36. Rc2 b3 37. Re2 Bf4 38. g3 Bxg3 39. Kg2 Be5 40. Rd3 Rb7 41. Rdd2 Kg7 42. Kf3 Rc7 43.
Kg4 Rc2 44. Rd7+ Kh6 45. Re1 Raxb2 46. Rf1 Rg2+ 47. Kh4 g5# 0-1

[Event "*** Titled Tuesday Blitz"]
[Site "Chess.com"]
[Date "2020.05.19"]
[Round "6"]
[White "kingofthenil"]
[Black "Hippotaner"]
[Result "1/2-1/2"]
[WhiteElo "2475"]
[BlackElo "2319"]
[TimeControl "180+1"]
[EndTime "13:09:36 PDT"]
[Termination "Game drawn by repetition"]

1. e4 e5 2. Nf3 Nc6 3. Bc4 Bc5 4. c3 Nf6 5. d3 O-O 6. Bb3 d5 7. Qe2 dxe4 8. dxe4 Bg4 9. h3 Bh5 10. Nbd2 Qe7 11. Nf1 Rad8 12. g4 Bg6 13. Ng3 Na5 14. Bc2 Bb6 15. Nf5 Qe6 16. Rg1 Qc4 17. h4 Qxe2+ 18. Kxe2 Nc4 19. h5 Bxf5 20. gxf5 Nxh5 21. Bg5 f6 22. Bb3 fxg5 23. Bxc4+ Kh8 24. Nxg5 Nf4+ 25. Kf3 Rd2 26. Rh1 Rxf2+ 27. Kg3 h6 28. Nf7+ Rxf7 29.
Bxf7 Rxb2 30. Rad1 Rg2+ 31. Kf3 Rf2+ 32. Kg3 c6 33.
Rd7 Kh7 34. Rxb7 h5 35. Bxh5 Rg2+ 36. Kf3 Rf2+ 37. Kg3 Rg2+ 38. Kf3 Rf2+ 39. Kg4 Rg2+ 40. Kf3 1/2-1/2

[Event "*** Titled Tuesday Blitz"]
[Site "Chess.com"]
[Date "2020.05.19"]
[Round "6"]
[White "2008king"]
[Black "Parkas"]
[Result "1-0"]
[WhiteElo "2080"]
[BlackElo "2288"]
[TimeControl "180+1"]
[EndTime "13:09:36 PDT"]
[Termination "2008king won on time"]

1. e4 c5 2. Nf3 Nf6 3. e5 Nd5 4. d4 cxd4 5. Qxd4 e6 6. c4 Nc6 7. Qd1 Nb6 8. Nc3 Bb4 9. Bd3 d5 10. cxd5 Nxd5 11. O-O Nxc3 12. bxc3 Bxc3 13. Rb1 Bxe5 14.
Ba3 Bd6 15. Bb2 O-O 16. Qc2 f5 17. Rbd1 Nb4 18. Qc3 Qc7 19. Bc4 Nd5 20. Rxd5 exd5 21. Bxd5+ Kh8 22. Qd4 Bd7 23. Ng5 Bc6 24. Ne6 Qe7 25.
Nxg7 Bc5 26. Nh5+ Bxd4 27. Bxd4+ Rf6 28. Bxf6+ Qxf6 29. Nxf6 Kg7 30. Bxc6 bxc6 31. Nh5+ Kg6 32. Nf4+ Kg5 33. Nd3 Rb8 34. Nc5 Rb5 35. Ne6+ Kf6 36. Nd4 Rb4 37. Nxc6 Rc4 38. Nxa7 Ra4 39. Nb5 Rxa2 40. Nd4 Ke5 41. Nf3+ Kf4 42. h3 h5 43. Nd4 Ke4 44. Ne6 Ke5 45. Ng5 Kf6 46. h4 Ra4 47. g3 f4 48. Kg2 Kf5 49. Nh3 1-0

[Event "*** Titled Tuesday Blitz"]
[Site "Chess.com"]
[Date "2020.05.19"]
[Round "6"]
[White "CzechmVIII"]
[Black "sergeikim"]
[Result "1/2-1/2"]
[WhiteElo "2201"]
[BlackElo "2374"]
[TimeControl "180+1"]
[EndTime "13:09:36 PDT"]
[Termination "Game drawn by repetition"]

1. e4 e5 2. Nf3 Nc6 3. Bb5 a6 4. Ba4 Nf6 5. O-O b5 6. Bb3 Bc5 7. Nc3 d6 8. Nd5 O-O 9. d4 exd4 10. Bg5 Bg4 11. Nxf6+ gxf6 12. Bh6 Re8 13. Bd5 Qd7 14.
h3 Bh5 15. c3 dxc3 16. bxc3 Rad8 17. Qc1 Ne5 18. Nxe5 dxe5 19. a4 c6 20. Bb3 Kh8 21. axb5 axb5 22. Be3 Rg8 23. Kh2 Qe7 24. Bxc5 Qxc5 25.
Qh6 Bg6 26. Bxf7 Rg7 27. Bxg6 Rxg6 28. Qh4 Rdg8 29. g3 Qxc3 30. Rad1 Qf3 31. Rd7 R6g7 32.
Rxg7 Rxg7 33. g4 b4 34. Ra1 Qf4+ 35. Kg1 Qg5 36. Ra8+ Rg8 37. Rxg8+ Kxg8 38. Qg3 Qf4 39. Qb3+ Kg7 40. Qxb4 Qc1+ 41. Kg2 c5 42. Qb7+ Kg6 43. Qd7 Qf4 44. Qd5 Kg7 45. Qxc5 Qxe4+ 46. Kh2 Qf4+ 47. Kg2 Qe4+ 48. Kh2 Qf4+ 49. Kg2 Qe4+ 1/2-1/2

[Event "*** Titled Tuesday Blitz"]
[Site "Chess.com"]
[Date "2020.05.19"]
[Round "6"]
[White "Bacyanide"]
[Black "PavelShkapenko"]
[Result "1/2-1/2"]
[WhiteElo "2443"]
[BlackElo "2671"]
[TimeControl "180+1"]
[EndTime "13:09:37 PDT"]
[Termination "Game drawn by repetition"]

1. d4 Nf6 2. Nf3 e6 3. Bf4 c5 4. e3 cxd4 5. exd4 b6 6. Bd3 Bb7 7. O-O Be7 8. h3 O-O 9. a4 a6 10. a5 b5 11. Nbd2 Nc6 12. c4 bxc4 13. Nxc4 Nd5 14.
Bg3 Ncb4 15. Be4 f5 16. Bb1 f4 17. Bh2 Rc8 18. Qe2 Bc6 19. Nfd2 Bb5 20. b3 Nc3 21.
Qg4 Nxb1 22. Raxb1 Nd5 23. Rbc1 Qe8 24. Ne4 Qg6 25. Qxg6 hxg6 26. Ned6 Rb8 27. Nxb5 Rxb5 28. Rb1 d6 29. g3 g5 30. h4 f3 31. hxg5 Rfb8 32. g4 Rxb3 33. Rxb3 Rxb3 34. Bxd6 Bxg5 35. Kh2 Rc3 36. Nb6 Bf6 37. Nxd5 exd5 38. Be5 Bxe5+ 39. dxe5 Kf7 40. Kg3 Ke6 41. Kf4 Rc4+ 42. Kxf3 Kxe5 43. Re1+ Kd6 44. Rh1 Rc3+ 45. Ke2 Rc7 46. Rh8 Kc5 47.
Rb8 Rc6 48. Rb7 g6 49. Kd3 Rf6 50. Ke3 d4+ 51. Ke2 Re6+ 52. Kd3 Rf6 53. Ke2 Re6+ 54.
Kd3 Rf6 55. Ke2 1/2-1/2

[Event "*** Titled Tuesday Blitz"]
[Site "Chess.com"]
[Date "2020.05.19"]
[Round "6"]
[White "zmeeed67"]
[Black "Natalya_Buksa"]
[Result "0-1"]
[WhiteElo "2405"]
[BlackElo "2568"]
[TimeControl "180+1"]
[EndTime "13:09:37 PDT"]
[Termination "Natalya_Buksa won by resignation"]

1. d4 d5 2. c4 e6 3. Nc3 Nf6 4. cxd5 exd5 5. Bg5 c6 6. e3 Nbd7 7. Bd3 h6 8. Bh4 g5 9. Bg3 Bg7 10. f3 Qe7 11. Bf2 Nh5 12. Nge2 Nb6 13. Qc2 Be6 14.
O-O O-O 15. Rae1 f5 16. e4 fxe4 17. fxe4 Qd7 18. e5 Kh8 19. Be3 Rxf1+ 20. Rxf1 Rf8 21. Rxf8+ Bxf8 22. Bg6 Ng7 23. Ng3 Nc8 24. Qf2 Kg8 25. Bb1 Ne7 26. Qf6 Nef5 27. Bxf5 Nxf5 28. Qg6+ Bg7 29.
Nh5 Qf7 30. Nf6+ Kf8 31. Qxf7+ Kxf7 32. Bf2 Bxf6 33. exf6 Kxf6 34. Kf1 h5 35. h3 h4 36. Ke2 Nd6 37. b3 Bf5 38. Na4 b6 39. Nc3 Be4 40.
g3 Bg2 41. gxh4 Bxh3 42. hxg5+ Kxg5 43. Bg3 Nf5 44. Bb8 Nxd4+ 45. Kd3 Ne6 46. Bxa7 b5 47. Bf2 Bf1+ 48. Kd2 Kf4 49. a4 bxa4 50. bxa4 Ke5 51. Bg3+ Kd4 52. a5 Kc5 53. Bf2+ Kb4 54. Ne2 Bxe2 55.
Kxe2 Kxa5 56. Kd3 Kb4 57. Bg3 c5 58. Bd6 Kb5 59. Kc3 Kc6 60. Bf8 Nxf8 0-1

[Event "*** Titled Tuesday Blitz"]
[Site "Chess.com"]
[Date "2020.05.19"]
[Round "6"]
[White "Klavdia_Nik"]
[Black "Xeslu"]
[Result "0-1"]
[WhiteElo "2022"]
[BlackElo "2354"]
[TimeControl "180+1"]
[EndTime "13:09:37 PDT"]
[Termination "Xeslu won on time"]

1. Nf3 d5 2. c4 c6 3. b3 Nf6 4. Bb2 e6 5. g3 Bd6 6. Bg2 O-O 7.
O-O Nbd7 8. d4 Qe7 9. Nc3 Ba3 10. Bxa3 Qxa3 11. Qc2 h6 12. e4 dxe4 13. Nxe4 Nxe4 14. Qxe4 Nf6 15. Qe2 c5 16. dxc5 Qxc5 17. Ne5 Qc7 18. Rfd1 Bd7 19. Nxd7 Nxd7 20. Qd2 Nf6 21. Qd6 Rac8 22.
Qxc7 Rxc7 23. Rd2 b6 24. Rad1 g5 25. h3 Kg7 26. g4 Rc5 27. Kh2 b5 28. cxb5 Rxb5 29.
Rd4 Rc8 30. R1d2 h5 31. Bf1 Rbc5 32. Bc4 hxg4 33. hxg4 e5 34. Rd8 Nxg4+ 35. Kg3 Nf6 36. f3 g4 37. Rxc8 Rxc8 38. Rg2 gxf3 39. Kxf3+ Kf8 40.
Rg5 e4+ 41. Ke3 Ke7 42. Re5+ Kf8 43. Ra5 Rc7 44. Rf5 Kg7 45. Kf4 Kg6 46. Rg5+ Kh6 0-1

[Event "*** Titled Tuesday Blitz"]
[Site "Chess.com"]
[Date "2020.05.19"]
[Round "6"]
[White "kasparicy"]
[Black "Bubi6"]
[Result "0-1"]
[WhiteElo "2408"]
[BlackElo "2600"]
[TimeControl "180+1"]
[EndTime "13:09:38 PDT"]
[Termination "Bubi6 won by resignation"]

1. e4 c6 2. d4 d5 3. f4 dxe4 4. Nc3 Nf6 5. g3 Bf5 6. Bg2 e6 7. Qe2 Bb4 8. Be3 Nd5 9. Qd2 Qa5 10. Nge2 O-O 11. O-O c5 12. a3 Bxc3 13. Nxc3 Nxe3 14.
Qxe3 cxd4 15. Qxd4 Nc6 16. Qe3 Rfd8 17. Rad1 h6 18.
Nxe4 Rxd1 19. Rxd1 Rd8 20. Nd6 Bxc2 21. Rd2 Bg6 22. h4 Rd7 23. Nc4 Qd8 24. Rxd7 Qxd7 25. Kh2 Qd3 26. Qxd3 Bxd3 27. Nd6 Ba6 28. b4 Nd4 29. a4 Bd3 30. Bxb7 Kf8 31. b5 Nb3 32. Nc8 Nc5 33. Bc6 Nxa4 34. Nxa7 Nb6 35. Kg2 Ke7 36.
Kf3 Kd6 37. Ke3 Bc4 38. Kd4 Bd5 39. Bxd5 Nxd5 40. Nc6 Nc7 41. Ne5 Nxb5+ 42. Kc4 f6 43.
Nf7+ Ke7 44. Nxh6 Nd6+ 45. Kc5 gxh6 0-1

[Event "*** Titled Tuesday Blitz"]
[Site "Chess.com"]
[Date "2020.05.19"]
[Round "6"]
[White "mfwagnerpeixoto"]
[Black "luizwas"]
[Result "1-0"]
[WhiteElo "2225"]
[BlackElo "1818"]
[TimeControl "180+1"]
[EndTime "13:09:38 PDT"]
[Termination "mfwagnerpeixoto won on time"]

1. d4 e6 2. Nf3 f5 3. d5 exd5 4. Qxd5 Nf6 5. Qxf5 d5 6. Qd3 Bd6 7. Bg5 c6 8. Nc3 O-O 9. e4 dxe4 10. Nxe4 Bb4+ 11.
Bd2 Bxd2+ 12. Nfxd2 Nxe4 13. Nxe4 Qe7 14. O-O-O Bf5 15.
f3 Na6 16. Qd6 Qf7 17. b3 Bxe4 18. fxe4 Kh8 19. Bc4 Qf2 20. Bxa6 bxa6 21. Rhf1 Qe3+ 22. Kb2 Rxf1 23. Rxf1 h6 24. Qd3 Qc5 25. Rf7 Qe5+ 26. Qc3 Qxc3+ 27. Kxc3 Re8 28. Rxa7 Rxe4 29. Rxa6 Re2 30.
Rxc6 Rxg2 31. a4 Rxh2 32. a5 Rh1 33. Kb2 Rh5 34. a6 Ra5 35. b4 Ra4 36. c3 h5 37.
Kb3 Ra1 38. b5 h4 39. Rc4 g5 40. Rg4 Rb1+ 41. Kc4 h3 42. Rxg5 1-0

[Event "*** Titled Tuesday Blitz"]
[Site "Chess.com"]
[Date "2020.05.19"]
[Round "6"]
[White "lupta_robin"]
[Black "Benjoneliere44"]
[Result "0-1"]
[WhiteElo "2611"]
[BlackElo "2495"]
[TimeControl "180+1"]
[EndTime "13:09:39 PDT"]
[Termination "Benjoneliere44 won by resignation"]

1. e4 c5 2. Nf3 d6 3. d4 cxd4 4. Nxd4 Nf6 5. Nc3 g6 6. Be3 Bg7 7. f3 O-O 8. Qd2 Nc6 9. g4 Be6 10. Nxe6 fxe6 11. O-O-O Ne5 12. Be2 Qc8 13. h4 Nfd7 14.
h5 Nc4 15. Bxc4 Qxc4 16. hxg6 hxg6 17. f4 Bxc3 18. bxc3 Qxa2 19. Qh2 Kf7 20. Qh7+ Ke8 21. Qxg6+ Kd8 22. e5 Rc8 23. Qd3 Rc6 24. Kd2 dxe5 25. fxe5 Qd5 26. Qxd5 exd5 27. Bd4 Rg6 28. Ra1 a6 29.
Rhg1 Rf4 30. g5 Rf5 31. e6 Ne5 32. Rh1 Rfxg5 33. Rh8+ Kc7 34. Kc1 Nc6 35. Kb2 Rxe6 36. Rf1 Nxd4 37. cxd4 Rb6+ 38. Kc3 Rg3+ 39. Kd2 Rg2+ 40.
Kd3 Rc6 41. Re1 Rgxc2 42. Rxe7+ Kb6 43. Ke3 R6c3+ 44. Kf4 Rf2+ 45. Kg4 Rd2 46. Rh6+ Rc6 47. Rxc6+ bxc6 48. Kf4 Rxd4+ 49. Ke3 Re4+ 50. Rxe4 dxe4 0-1

[Event "*** Titled Tuesday Blitz"]
[Site "Chess.com"]
[Date "2020.05.19"]
[Round "6"]
[White "Sanan_Sjugirov"]
[Black "nihalsarin"]
[Result "1/2-1/2"]
[WhiteElo "2838"]
[BlackElo "3014"]
[TimeControl "180+1"]
[EndTime "13:09:40 PDT"]
[Termination "Game drawn by repetition"]

1. d4 Nf6 2. c4 e6 3. Nf3 d5 4. g3 Bb4+ 5. Bd2 Be7 6. Bg2 O-O 7. O-O Nbd7 8. Qc2 Ne4 9. Bc3 c6 10. b3 b6 11. Bb2 Bb7 12. Nc3 Nxc3 13. Bxc3 Rc8 14.
e4 c5 15. exd5 exd5 16. Ne5 Bf6 17. Qf5 Rc7 18. cxd5 g6 19. Qf4 Bg5 20. Qg4 h5 21.
Qd1 cxd4 22. Bxd4 Nxe5 23. Bxe5 Rd7 24. d6 Bxg2 25. Kxg2 Bf6 26. Bf4 Bxa1 27. Qxa1 Rxd6 28. Bxd6 Qxd6 29. Rd1 Qc6+ 30. Kg1 Re8 31. Qd4 Re4 32. Qd2 h4 33. Rc1 Qe6 34. Qc3 h3 35. Qc8+ Kg7 36.
Qxe6 Rxe6 37. Kf1 Re7 38. f3 g5 39. Kf2 f5 40. Rc6 Rd7 41. Ke2 Re7+ 42. Kd3 Rd7+ 43. Ke2 Re7+ 44. Kf2 Rd7 45. Ke2 1/2-1/2

[Event "*** Titled Tuesday Blitz"]
[Site "Chess.com"]
[Date "2020.05.19"]
[Round "6"]
[White "ManuDavid2910"]
[Black "cukus"]
[Result "1-0"]
[WhiteElo "2692"]
[BlackElo "2493"]
[TimeControl "180+1"]
[EndTime "13:09:40 PDT"]
[Termination "ManuDavid2910 won by resignation"]

1. e4 c6 2. Nf3 d5 3. Nc3 dxe4 4. Nxe4 Nf6 5. Neg5 h6 6. Nxf7 Kxf7 7. Ne5+ Kg8 8. Ng6 Rh7 9. Bd3 e5 10. Nxe5 Be6 11.
O-O Nbd7 12. Bxh7+ Kxh7 13. Nf3 Bg4 14. d4 g6 15. Bf4 Bg7 16. Qd3 Bf5 17. Qb3 Nb6 18. c4 Be6 19. Rac1 Qg8 20. Nd2 Nxc4 21. Nxc4 b5 22. Qa3 Bxc4 23. Rfe1 a5 24. Qc5 Bd5 25. Re7 Re8 26. Rce1 Rxe7 27. Rxe7 Qf8 28. Be5 Kg8 29. Qd6 Ne8 30. Qd7 Bxe5 31. Rxe8 Bg7 32. Rxf8+ Bxf8 33. h4 a4 34. g4 Bg7 35. b3 axb3 36. axb3 Bxd4 37.
Kf1 Bf6 38. g5 hxg5 39. hxg5 Bxg5 40. Qg4 Bf6 41. Qxg6+ Bg7 42. f4 Bxb3 43. Qxc6 Bc4+ 44. Kf2 Bd4+ 45. Kg3 Bg7 46. Kg4 Kf8 47. Kg5 Bc3 48. f5 Bd2+ 49. Kh5 Be2+ 50. Kg6 Bc4 51. Qd6+ Ke8 52.
Qxd2 1-0

[Event "*** Titled Tuesday Blitz"]
[Site "Chess.com"]
[Date "2020.05.19"]
[Round "6"]
[White "plumalka"]
[Black "Roman_Ovetchkin"]
[Result "0-1"]
[WhiteElo "2480"]
[BlackElo "2631"]
[TimeControl "180+1"]
[EndTime "13:09:40 PDT"]
[Termination "Roman_Ovetchkin won by resignation"]

1. e4 c6 2. d4 d5 3. e5 Bf5 4. c4 e6 5. Nc3 Ne7 6. a3 dxc4 7. Bxc4 Nd7 8. Nge2 Nb6 9. Bb3 Ned5 10. O-O Be7 11. Ng3 Bg6 12. f4 Qd7 13. Kh1 O-O 14.
Qf3 Rad8 15. Nce4 Nc7 16. Be3 Nbd5 17. Bg1 f6 18. exf6 Bxf6 19. Nc5 Qc8 20. Rae1 Kh8 21. Nh5 Be7 22. Nd3 Bd6 23. Ne5 Bxe5 24. Rxe5 Rf5 25.
g4 Rxe5 26. fxe5 Kg8 27. Bc2 Rf8 28. Qxf8+ Qxf8 29. Rxf8+ Kxf8 30. Bxg6 hxg6 31. Ng3 Nf4 32. Be3 Nd3 33. b3 Nd5 34. Bd2 c5 35. dxc5 Nxc5 36. b4 Nd3 37. Kg2 Nxe5 38. h3 Nc4 39. Bc1 e5 40.
Kf3 Ke7 41. Ke4 Ke6 42. h4 Nd6+ 43. Kd3 b5 44. Ne4 Nxe4 45. Kxe4 Nf6+ 46. Kf3 Kd5 47. g5 Ne4 48. Bb2 Nd6 49. Bc3 Nc4 50. Kg4 Ke4 51. h5 gxh5+ 52. Kxh5 Kf5 53. Be1 Nxa3 54.
Bf2 g6+ 55. Kh6 a6 56. Bc5 Nc4 57. Bf2 e4 58. Kg7 e3 59. Be1 Na3 60. Kf7 Nc2 0-1

[Event "*** Titled Tuesday Blitz"]
[Site "Chess.com"]
[Date "2020.05.19"]
[Round "6"]
[White "MrTattaglia"]
[Black "Gordima"]
[Result "1/2-1/2"]
[WhiteElo "3028"]
[BlackElo "2788"]
[TimeControl "180+1"]
[EndTime "13:09:41 PDT"]
[Termination "Game drawn by agreement"]

1. Nf3 Nf6 2. c4 e6 3. g3 d5 4. Bg2 dxc4 5. Qa4+ Nbd7 6. Qxc4 a6 7. Qc2 c5 8. O-O Bd6 9. d3 O-O 10. Nc3 Rb8 11. a4 b6 12. Bg5 Bb7 13. Nd2 Bxg2 14.
Kxg2 Be7 15. Bxf6 Nxf6 16. Nde4 Nd5 17. Rac1 Nb4 18. Qb3 Qd7 19. Nd2 Rfd8 20. Nf3 Qb7 21. Kg1 h6 22. Rfd1 Rbc8 23. Ne4 Qd5 24. Ned2 Qxb3 25.
Nxb3 c4 26. dxc4 Rxd1+ 27. Rxd1 Rxc4 28. Rd7 Bf6 29. Rb7 Nd5 30. a5 Rb4 31. Nfd2 bxa5 32.
Nxa5 Rxb2 33. Ndc4 Rxb7 34. Nxb7 Be7 35. e4 Nc3 36. f3 f6 37. Nba5 Kf7 38. Nc6 Nb5 39. Kg2 Nd6 40. N4a5 Nb5 41. Nc4 Bc5 42. h4 h5 43. e5 f5 44. Nd8+ Ke7 45. Nc6+ Ke8 46. g4 fxg4 47. fxg4 g6 48. gxh5 gxh5 49. Kg3 Nd4 50.
Nb8 Nf5+ 51. Kh3 Bf2 52. Nxa6 Bxh4 53. Nd6+ Nxd6 54. exd6 Bf2 55. Nc7+ Kd7 56. Nxe6 Kxe6 57. d7 Kxd7 58. Kg2 1/2-1/2

[Event "*** Titled Tuesday Blitz"]
[Site "Chess.com"]
[Date "2020.05.19"]
[Round "6"]
[White "ChristopherYoo"]
[Black "vpsetter"]
[Result "1-0"]
[WhiteElo "2881"]
[BlackElo "2670"]
[TimeControl "180+1"]
[EndTime "13:09:41 PDT"]
[Termination "ChristopherYoo won on time"]

1. e4 e5 2. Nf3 Nc6 3. Bb5 Nf6 4. d4 d5 5. Nxe5 Qd6 6. exd5 Qxd5 7. Bxc6+ bxc6 8.
O-O c5 9. Nc3 Qb7 10. Bg5 cxd4 11.
Qxd4 Be7 12. Qa4+ Kf8 13. Rad1 Be6 14. Nc6 Bd6 15. Bxf6 gxf6 16. Ne4 Rg8 17. Rfe1 Rg6 18. Nxd6 cxd6 19. Rxd6 Qxb2 20. Qh4 Kg7 21. Nd4 Bg4 22. h3 Qb4 23. Re3 Qxd6 24. Qxg4 Rxg4 25. Nf5+ Kg6 26.
Nxd6 Rd4 27. Rg3+ Kh5 28. Nf5 Rf4 29. Nd6 Rd8 30. Nxf7 Rd1+ 31. Kh2 Rxf2 32. Rg7 h6 33. Rg8 Rdd2 34. Rg7 Rxc2 35. Nd6 f5 36. Ne8 Rc6 37.
Rf7 Kg6 38. Rg7+ Kh5 39. Rg8 Rg6 40. Ng7+ 1-0